 Dungeon Crawl Stone Soup version 0.29.1-1-gd02db6906a (webtiles) character file.

Game seed: 8933901458153254765

196 Zeld the Chopper (level 5, -2/47 HPs)
             Began as a Minotaur Berserker on Oct 13, 2022.
             Was a Believer of Trog.
             Slain by Grinder (5 damage)
             ... while paralysed by Grinder
             ... on level 4 of the Dungeon.
             The game lasted 00:04:46 (3401 turns).

Zeld the Chopper (Minotaur Berserker)               Turns: 3401, Time: 00:04:46

Health: -2/47      AC:  3    Str: 23    XL:     5   Next: 46%
Magic:  4/4        EV:  2    Int:  4    God:    Trog [**....]
Gold:   302        SH:  0    Dex: 10    Spells: 4/4 levels left

rFire   . . .      SeeInvis .   a - +0 war axe
rCold   . . .      Faith    .   o - +0 kite shield
rNeg    . . .      Spirit   .   b - +0 animal skin
rPois   .          Reflect  .   (helmet restricted)
rElec   .          Harm     .   (no cloak)
rCorr   +          Rampage  .   l - +0 pair of gloves
Will    .....                   (no boots)
Stlth   +.........              (no amulet)
HPRegen 0.15/turn               i - ring of resist corrosion
MPRegen 0.09/turn               (no ring)

@: paralysed, on berserk cooldown, slowed
A: horns 2, retaliatory headbutt
a: Renounce Religion, Berserk, Trog's Hand


You were on level 4 of the Dungeon.
You worshipped Trog.
Trog was pleased with you.
You visited 1 branch of the dungeon, and saw 4 of its levels.

You collected 302 gold pieces.

Inventory:

Hand Weapons
 a - a +0 war axe (weapon)
Armour
 b - a +0 animal skin (worn)
 l - a +0 pair of gloves (worn)
 o - a +0 kite shield (worn)
Jewellery
 i - a ring of resist corrosion (left hand)
 r - a ring of poison resistance
Wands
 m - a wand of flame (12)
 n - a wand of mindburst (3)
Scrolls
 d - 2 scrolls of identify {unknown}
 e - 3 scrolls of teleportation {unknown}
 h - a scroll of summoning {unknown}
 p - a scroll of butterflies {unknown}
 q - a scroll of enchant armour {unknown}
Potions
 c - 3 potions of lignification {unknown}
 f - a potion of ambrosia {unknown}
 g - a potion of flight {unknown}
 j - 2 potions of curing {unknown}
 k - a potion of experience {unknown}
 s - 2 potions of brilliance {unknown}


   Skills:
 + Level 4.6 Fighting
 * Level 5.5 Axes
 + Level 3.7 Armour
 + Level 3.4 Dodging


You had 4 spell levels left.
You didn't know any spells.
Your spell library was empty.

Dungeon Overview and Level Annotations

Branches:
Dungeon (4/15)
 Temple: D:4-7

Altars:

Annotations:
D:4 Grinder


Innate Abilities, Weirdness & Mutations

You have a pair of horns on your head.
You reflexively headbutt those who attack you in melee.


Message History

You slash the orc!
You kill the orc!
Trog accepts your kill.
You closely miss the orc. x2; The orc hits you but does no damage.
You block the orc's attack.
Grinder blinks!
The orc hits you but does no damage. x2
Unknown command.
Unknown command.
You closely miss the orc. Your headbutt misses the orc.
The orc is heavily wounded.
You hit the orc.
You kill the orc!
Trog accepts your kill.
You feel the effects of Trog's Hand fading.
You block the orc's attack. The orc barely misses you. Grinder gestures at you.
You resist with almost no effort.
Unknown command.
You hit the orc. Your headbutt misses the orc.
The orc is heavily wounded.
The orc hits you with a +0 whip.
* * * LOW HITPOINT WARNING * * *
The orc hits you with a +0 whip.
* * * LOW HITPOINT WARNING * * *
Grinder hits you.
* * * LOW HITPOINT WARNING * * *
You writhe in agony.
* * * LOW HITPOINT WARNING * * *
Unknown command.
You barely miss Grinder. Your headbutt misses Grinder.
Grinder is moderately wounded.
You hit the orc.
You kill the orc!
Trog accepts your kill.
Your skin stops crawling.
You feel less strong-willed. Grinder gestures at you.
You suddenly lose the ability to move!
Grinder hits you.
* * * LOW HITPOINT WARNING * * *
You writhe in agony.
You die...

##...........##
#
##...........#
#
##......#...##
########....#
##...## #....#
#....# #.)..+
.....#.@.+
.....#)5)#
.........#
.........#
......#..#
..........
..........
....##....#


You could see Grinder.

Vanquished Creatures
  A jelly (D:4)
  An iguana (D:4)
  An orc wizard (D:4)
  2 adders
  A white imp (D:4)
  A dart slug (D:2)
  2 worms (D:2)
  9 orcs (D:4)
  3 endoplasms
  A giant cockroach (D:2)
  11 goblins
  11 hobgoblins
  3 jackals (D:1)
  3 quokkas
  6 ball pythons
  4 bats
  3 frilled lizards
  9 kobolds
  8 rats
80 creatures vanquished.

Notes
Turn   | Place    | Note
-------+----------+-------------------------------------------
     0 | D:1      | Zeld the Minotaur Berserker began the quest for the Orb.
     0 | D:1      | Reached XP level 1. HP: 19/19 MP: 0/0
   140 | D:1      | Found a faded altar of an unknown god.
   326 | D:1      | Reached XP level 2. HP: 27/27 MP: 1/1
   423 | D:1      | Reached skill level 4 in Axes
   786 | D:2      | Reached XP level 3. HP: 11/33 MP: 2/2
  1235 | D:2      | Reached ** piety under Trog
  1463 | D:2      | Reached XP level 4. HP: 14/40 MP: 3/3
  2536 | D:4      | Reached skill level 5 in Axes
  2623 | D:4      | HP: 3/61 [ball python (2)]
  2629 | D:4      | Reached XP level 5. HP: 4/47 MP: 4/4
  3382 | D:4      | Noticed Grinder
  3401 | D:4      | Paralysed by Grinder for 3 turns
  3401 | D:4      | Slain by Grinder

Illustrated notes

Levels and vault maps discovered:
D:1:      beargit_arrival_diablo_church, layout_basic,
          ebering_ecumenical_altar_petrified
D:2:      cheibrodos_greedy_goblins, layout_rooms, grunt_ministairs_5
D:3:      layout_basic
D:4:      layout_cave_pods, mainiacjoe_overflow_boulevard,
          nicolae_ru_awakened_eye, serial_shops, nicolae_shop_hallway_stairs,
          minmay_unequal, uniq_grinder

Skill      XL: |  1  2  3  4 |
---------------+-------------+-----
Axes           | 4 5 |  5.5
Fighting       | 4 |  4.6
Armour         | 3 |  3.7
Dodging        | 3 |  3.4

Action                   |  1- 3 |  4- 6 || total
-------------------------+-------+-------++-------
Melee: Hand axe          |    48 |       ||    48
       Headbutt          |    12 |     8 ||    20
       War axe           |    35 |    68 ||   103
Invok: Berserk           |       |     2 ||     2
       Trog's Hand       |       |     1 ||     1
Armor: Animal skin       |    17 |    19 ||    36
Dodge: Dodged            |    62 |    38 ||   100
Block: Kite shield       |       |    18 ||    18
